 Dungeon Crawl Stone Soup version 0.23.2-33-g5129a83184 (webtiles) character file.

Game seed: 16471859577241204728

11657 Revguard the Cleaver (level 12, -8/92 HPs)
             Began as a Formicid Fighter on July 8, 2019.
             Was the Champion of Okawaru.
             Engulfed by an ice statue's freezing vapour (21 damage)
             ... on level 10 of the Dungeon.
             The game lasted 00:32:59 (9864 turns).

Revguard the Cleaver (Formicid Fighter)             Turns: 9864, Time: 00:33:00

Health: -8/92      AC: 26    Str: 20 (21) XL:     12   Next: 10%
Magic:  15/15      EV:  4    Int: 12      God:    Okawaru [******]
Gold:   702        SH: 11    Dex: 13      Spells: 11/11 levels left

rFire    . . .     SeeInvis +   a - +1 war axe
rCold    . . .     Gourm    .   c - +0 shield
rNeg     . . .     Faith    .   l - +1 crystal plate armour
rPois    .         Spirit   .   (helmet unavailable)
rElec    .         Reflect  .   n - +2 cloak {MR+}
rCorr    .         Harm     .   (no gloves)
MR       +++..                  B - +1 pair of boots
Stlth    ..........             (no amulet)
HPRegen  0.25/turn              r - ring of protection from magic
MPRegen  0.14/turn              t - ring of flight

@: flying, lightly drained
A: permanent stasis, dig shafts and tunnels, four strong arms, antennae 3,
talons 1, clever 1, deterioration 1, low mp 1
a: Dig, Shaft Self, Heroism, Finesse, Renounce Religion


You were on level 10 of the Dungeon.
You worshipped Okawaru.
Okawaru was exalted by your worship.
You were not hungry.

You visited 2 branches of the dungeon, and saw 11 of its levels.
You visited the Abyss 1 time.
You also visited: Ossuary.

You collected 702 gold pieces.

Inventory:

Hand Weapons
 a - a +1 war axe (weapon)
Armour
 c - a +0 shield (worn)
 l - a +1 crystal plate armour (worn)
 n - a +2 cloak of magic resistance (worn)
 B - a +1 pair of boots (worn)
Jewellery
 r - a ring of protection from magic (left hand)
 t - a ring of flight (right hand)
 w - an uncursed ring of protection from fire {unknown}
Wands
 v - a wand of random effects (15)
 x - a wand of iceblast (6)
 y - a wand of flame (11)
 z - a wand of acid (9)
Scrolls
 b - a scroll of magic mapping
 k - a scroll of identify
 m - a scroll of immolation
 p - 2 scrolls of remove curse
 s - 2 scrolls of amnesia
 u - a scroll of vulnerability
Potions
 d - 3 potions of might
 e - 3 potions of lignification
 g - 2 potions of cancellation
 h - 3 potions of haste
 i - 4 potions of flight
 j - 4 potions of curing
 o - a potion of invisibility
Miscellaneous
 q - a phial of floods
Comestibles
 f - 12 rations


   Skills:
 + Level 8.1(7.8) Fighting
 + Level 11.7(11.3) Axes
 * Level 9.5(9.2) Armour
 + Level 1.2(1.0) Dodging
 + Level 9.1(8.8) Shields
 + Level 7.5(7.2) Invocations
 * Level 2.0(1.7) Evocations


You had 11 spell levels left.
You didn't know any spells.
Your spell library contained the following spells:

 Spells                   Type           Power        Failure   Level  Hunger
 Confusing Touch          Hex            #.....       100%        1    ##.....
 Corona                   Hex            #......      100%        1    ##.....
 Flame Tongue             Conj/Fire      #....        100%        1    ##.....
 Magic Dart               Conj           #...         100%        1    ##.....
 Summon Small Mammal      Summ           #...         100%        1    ##.....
 Call Imp                 Summ           #.......     100%        2    ###....
 Ensorcelled Hibernation  Hex/Ice        #.....       100%        2    ###....
 Slow                     Hex            #.......     100%        2    ###....
 Throw Flame              Conj/Fire      #.....       100%        2    ###....
 Call Canine Familiar     Summ           #.......     100%        3    ####...
 Confuse                  Hex            #.......     100%        3    ####...
 Conjure Flame            Conj/Fire      #.......     100%        3    ####...
 Dazzling Spray           Conj/Hex       #.....       100%        3    ####...
 Gell's Gravitas          Tloc           #.........   100%        3    ####...
 Inner Flame              Hex/Fire       #.......     100%        3    ####...
 Mephitic Cloud           Conj/Pois/Air  #.......     100%        3    ####...
 Summon Guardian Golem    Hex/Summ       #.......     100%        3    ####...
 Tukima's Dance           Hex            #.......     100%        3    ####...
 Petrify                  Tmut/Erth      #.......     100%        4    #####..
 Sticky Flame             Conj/Fire      #.......     100%        4    #####..
 Summon Ice Beast         Ice/Summ       #.......     100%        4    #####..
 Summon Lightning Spire   Summ/Air       #.......     100%        4    #####..
 Fireball                 Conj/Fire      #.........   100%        5    ######.
 Metabolic Englaciation   Hex/Ice        #.........   100%        5    ######.
 Yara's Violent Unravell  Hex/Tmut       #.........   100%        5    ######.
 Blink                    Tloc           Unusable     N/A         2    N/A

Dungeon Overview and Level Annotations

Branches:
Dungeon (10/15)            Temple (1/1) D:4
   Lair: D:8-11         Orc: D:9-12

Altars:
Ashenzari
Cheibriados
Dithmenos
Elyvilon
Fedhas
Gozag
Hepliaklqana
Kikubaaqudgha
Makhleb
Nemelex Xobeh
Okawaru
Qazlal
Ru
Sif Muna
Trog
Uskayaw
Vehumet
Wu Jian
Xom
Yredelemnul
Zin
The Shining One
Jiyva

Shops:
D:4 ?   D:5 }%!   D:7 =   D:10 [

Annotations:
D:10 exclusion: ice statue


Innate Abilities, Weirdness & Mutations

You cannot be hasted, slowed, berserked, paralysed or teleported.
You can dig through walls and to a lower floor.
Your four strong arms can wield two-handed weapons with a shield.
You have a pair of large antennae on your head. (SInv)
You have sharp toenails.
Your mind is acute. (Int +2)
Your body sometimes deteriorates upon taking damage.
Your magical capacity is low. (-10% MP)


Message History

You block the ice beast's attack. x2; The ice beast hits you.
The ice beast freezes you!
The ice statue glitters chillingly in the dim dungeon light.
Your crystal plate armour prevents you from hitting the ice statue.
The ice statue is heavily damaged.
You hit the ice beast but do no damage. You hit the ice beast. x2
The ice beast hits you but does no damage.
The ice beast barely misses you. The ice beast hits you.
The ice beast freezes you! The ice statue gestures at you.
The bolt of cold hits you!!
You hit the ice statue but do no damage.
The ice statue is heavily damaged.
You barely miss the ice beast. You hit the ice beast but do no damage.
You completely miss the ice beast.
You are engulfed in freezing vapours.
* * * LOW HITPOINT WARNING * * *
You block the ice beast's attack.
The ice beast hits you but does no damage. x2
You feel better.
You are engulfed in freezing vapours.
You die...

#.................
###.#....#######....
#⌠...⌠##.#.....#....
#.....##.#.....'....
#.....##.#.....#....
#.....##.#+#####....
#.....##..........>.
#...Y.# .........###
#≈≈@Y≈# .........#..
#≈≈8Y≈# .........#..
#≈≈≈≈≈# .........#..
#.....# .........#[.
#.....# .........#'#
#.....# ...........)
#.....# .....####..)
#(|(}!# ..... #...
... #...


You could see an ice statue and 3 ice beasts.

Vanquished Creatures
  Erolcha (D:10)
  The ghost of Electrofox the Grappler, a novice TrBe of Trog (D:8)
  A slime creature (D:8)
  A rust devil (Abyss:2)
  Maurice (D:9)
  Joseph (D:9)
  A gargoyle (D:10)
  A centaur skeleton (D:10)
  Psyche (D:9)
  The ghost of PeSeC the Covered, an amateur MiFi of Okawaru (D:5)
  A troll (D:10)
  Grinder (D:5)
  A hippogriff (D:8)
  A wyvern (D:9)
  A wraith (D:10)
  Sigmund (D:4)
  A hungry ghost (D:7)
  3 hogs (D:10)
  4 yaks (D:10)
  A human (D:10)
  A steam dragon (D:8)
  Grum (D:9)
  Menkaure (D:5)
  3 water moccasins
  2 orc warriors
  A black bear (D:8)
  A necrophage (D:6)
  3 ogres
  A phantom (D:8)
  2 wolves (D:9)
  3 centaurs
  A crocodile (D:8)
  4 big kobolds
  Blork the orc (D:4)
  2 bullfrogs (D:8)
  A wyvern zombie (D:9)
  A wyvern skeleton (D:8)
  20 scorpions
  3 killer bees (D:8)
  A howler monkey (D:5)
  3 wights (D:10)
  7 crimson imps
  7 jellies
  A centaur zombie (Ossuary)
  4 bullfrog zombies
  A hound (D:8)
  Crazy Yiuf (D:5)
  6 orc priests
  A human zombie (Ossuary)
  12 orc wizards
  An iguana (D:4)
  6 worker ants
  Natasha (thrice) (D:2)
  2 big kobold zombies (Ossuary)
  A hound zombie (D:5)
  A hound skeleton (D:5)
  3 mummies (Ossuary)
  A howler monkey skeleton (D:6)
  11 adders
  3 scorpion zombies (Ossuary)
  2 shadow imps
  4 oozes
  An adder zombie (D:10)
  An adder skeleton (D:4)
  4 worms
  6 dart slugs
  7 leopard geckos
  39 orcs
  11 bats
  5 giant cockroaches
  6 hobgoblins
  8 jackals
  4 quokkas
  A ball python (D:1)
  9 frilled lizards
  A gnoll zombie (Ossuary)
  7 goblins
  4 goblin zombies (Ossuary)
  3 hobgoblin zombies (Ossuary)
  19 kobolds
  A kobold zombie (Ossuary)
  2 leopard gecko zombies
  An orc zombie (Ossuary)
  9 rats
  A fungus (D:4)
309 creatures vanquished.

Vanquished Creatures (others)
  A human (D:6)
  A quokka (D:7)
  4 fungi (D:4)
6 creatures vanquished.

Grand Total: 315 creatures vanquished

Notes
Turn   | Place    | Note
-------+----------+-------------------------------------------
     0 | D:1      | Revguard the Formicid Fighter began the quest for the Orb.
     0 | D:1      | Reached XP level 1. HP: 18/18 MP: 1/1
    48 | D:1      | Reached XP level 2. HP: 23/24 MP: 2/2
   203 | D:1      | Reached XP level 3. HP: 22/29 MP: 3/3
   434 | D:2      | Found a burning altar of Makhleb.
   581 | D:2      | Reached XP level 4. HP: 37/37 MP: 4/4
   805 | D:2      | Found a sacrificial altar of Ru.
   807 | D:2      | Reached skill level 3 in Axes
   831 | D:2      | Noticed Natasha
   840 | D:2      | Killed Natasha
   840 | D:2      | Reached XP level 5. HP: 35/42 MP: 5/5
   877 | D:2      | Noticed Natasha
   882 | D:2      | Killed Natasha
   962 | D:2      | Found a radiant altar of Vehumet.
  1002 | D:2      | Noticed Natasha
  1013 | D:2      | Killed Natasha
  1013 | D:2      | Reached skill level 4 in Axes
  1185 | D:3      | Reached skill level 1 in Dodging
  1255 | D:3      | Reached XP level 6. HP: 47/48 MP: 6/6
  1701 | D:4      | Found a sand-covered staircase.
  1786 | D:4      | Found a staircase to the Ecumenical Temple.
  1786 | D:4      | Noticed Blork the orc
  1804 | D:4      | Killed Blork the orc
  1804 | D:4      | Reached skill level 5 in Shields
  1811 | Temple   | Entered the Ecumenical Temple
  1889 | Temple   | Became a worshipper of Warmaster Okawaru
  1999 | Ossuary  | Entered an ossuary
  2037 | Ossuary  | Reached XP level 7. HP: 25/54 MP: 7/7
  2284 | Ossuary  | Reached skill level 5 in Axes
  2407 | Ossuary  | Reached * piety under Okawaru
  2592 | Ossuary  | Reached skill level 5 in Armour
  2607 | Ossuary  | Reached skill level 5 in Fighting
  2607 | Ossuary  | Reached XP level 8. HP: 48/62 MP: 6/8
  2666 | Ossuary  | Reached skill level 6 in Axes
  2981 | D:4      | Reached skill level 1 in Invocations
  2993 | D:4      | Found Puzerch's Magic Scroll Shoppe.
  3138 | D:4      | Noticed Sigmund
  3152 | D:4      | Killed Sigmund
  3508 | D:4      | Reached XP level 9. HP: 28/68 MP: 8/10
  3532 | D:4      | Reached ** piety under Okawaru
  3532 | D:4      | Reached skill level 7 in Axes
  3813 | D:5      | Entered Level 5 of the Dungeon
  3813 | D:5      | Noticed Menkaure
  3818 | D:5      | Killed Menkaure
  3880 | D:5      | Found Eghiquti's Gadget Shoppe.
  3894 | D:5      | Noticed Grinder
  3895 | D:5      | Found a blossoming altar of Fedhas.
  3915 | D:5      | Killed Grinder
  4149 | D:5      | Found a transporter.
  4150 | D:5      | Found a transporter.
  4150 | D:5      | Noticed PeSeC's ghost (amateur MiFi)
  4246 | D:5      | Found Taadaqur's Distillery.
  4299 | D:5      | Found Dilijyg's Antique Armour Shop.
  4315 | D:5      | Found Nanon's Food Boutique.
  4600 | D:5      | Found a runed translucent door.
  4601 | D:5      | Noticed Crazy Yiuf
  4607 | D:5      | Killed Crazy Yiuf
  4690 | D:5      | Reached skill level 8 in Axes
  4694 | D:5      | Killed PeSeC's ghost
  4916 | D:6      | Reached *** piety under Okawaru
  4919 | D:6      | Reached XP level 10. HP: 68/76 MP: 13/13
  4920 | D:6      | Found an ancient bone altar of Kikubaaqudgha.
  4996 | D:6      | Reached skill level 5 in Invocations
  5317 | D:7      | Found Oxupt's Jewellery Shoppe.
  5396 | D:7      | Found a shimmering altar of Xom.
  5600 | D:7      | Reached skill level 9 in Axes
  5734 | D:7      | Found a white marble altar of Elyvilon.
  5896 | D:7      | Found a glowing silver altar of Zin.
  5897 | D:7      | Found a shattered altar of Ashenzari.
  6218 | D:8      | Reached **** piety under Okawaru
  7070 | D:8      | Found a runed translucent gate.
  7070 | D:8      | Found a runed translucent gate.
  7071 | D:8      | Found a runed translucent gate.
  7072 | D:8      | Noticed Electrofox's ghost (novice TrBe)
  7074 | D:8      | Found a viscous altar of Jiyva.
  7239 | D:8      | Gained mutation: You have sharp toenails. [potion of
                  | mutation]
  7239 | D:8      | Gained mutation: Your magical capacity is low. (-10% MP)
                  | [potion of mutation]
  7239 | D:8      | Gained mutation: Your body sometimes deteriorates upon
                  | taking damage. [potion of mutation]
  7239 | D:8      | Gained mutation: Your mind is acute. (Int +2) [potion of
                  | mutation]
  7588 | D:8      | Killed Electrofox's ghost
  7588 | D:8      | Reached XP level 11. HP: 39/84 MP: 14/14
  7595 | D:8      | Reached skill level 10 in Axes
  7648 | D:9      | Noticed Grum
  7662 | D:9      | Killed Grum
  7690 | D:9      | Noticed Joseph
  7724 | D:9      | Killed Joseph
  7724 | D:9      | Reached ***** piety under Okawaru
  7806 | D:9      | Noticed Maurice
  8100 | D:9      | Killed Maurice
  8114 | D:9      | Noticed Psyche
  8134 | D:9      | Cast into level 2 of the Abyss (Psyche)
  8138 | Abyss:2  | Found an ancient bone altar of Kikubaaqudgha.
  8142 | Abyss:2  | Found a corrupted altar of Lugonu.
  8198 | D:9      | Escaped the Abyss
  8206 | D:9      | Killed Psyche
  8907 | D:10     | Entered Level 10 of the Dungeon
  8907 | D:10     | Found Gezic's Antique Armour Boutique.
  8924 | D:10     | Reached skill level 11 in Axes
  9066 | D:10     | Noticed Erolcha
  9101 | D:10     | Killed Erolcha
  9282 | D:10     | Reached skill level 1 in Evocations
  9547 | D:10     | Reached XP level 12. HP: 87/92 MP: 15/15
  9554 | D:10     | Reached ****** piety under Okawaru
  9864 | D:10     | Engulfed by an ice statue's freezing vapour

Skill      XL: |  1  2  3  4  5  6  7  8  9 10 11 12 |
---------------+-------------------------------------+-----
Shields        | 4 5 6 7 8 9 |  9.1
Axes           | 3 4 5 6 8 9 11 | 11.7
Dodging        | 1 |  1.2
Fighting       | 4 5 6 7 8 |  8.1
Armour         | 4 5 6 8 9 |  9.5
Invocations    | 2 4 6 7 |  7.5
Evocations     | 1 2 |  2.0

Action                   |  1- 3 |  4- 6 |  7- 9 | 10-12 || total
-------------------------+-------+-------+-------+-------++-------
Melee: War axe           |    98 |   200 |   388 |   732 ||  1418
Invok: Heroism           |       |       |     6 |    10 ||    16
       Finesse           |       |       |       |     1 ||     1
Evoke: Wand              |       |       |       |     8 ||     8
  Use: Scroll            |     6 |     2 |     8 |     4 ||    20
       Potion            |     1 |     3 |     6 |     6 ||    16
 Stab: Held in net/web   |       |       |     3 |       ||     3
  Eat: Chunk             |       |     4 |     7 |    15 ||    26
       Ration            |       |       |     1 |     5 ||     6
Armor: Scale mail        |    47 |    63 |       |       ||   110
       Crystal plate arm |       |    35 |   262 |   381 ||   678
Dodge: Dodged            |    39 |    45 |    40 |    70 ||   194
Block: Shield            |    54 |   110 |   215 |   351 ||   730
